 Dungeon Crawl Stone Soup version 0.31.0-12-g77e489cdc1 (webtiles) character file.

Game seed: 2350127040368940995

143 mopl the Trooper (level 5, 0/42 HPs)
             Began as a Demonspawn Fighter on Feb 11, 2024.
             Slain by an orc wizard
             ... wielding a +0 dagger
              (2 damage)
             ... on level 4 of the Dungeon.
             The game lasted 00:02:04 (2335 turns).

mopl the Trooper (Demonspawn Fighter)               Turns: 2335, Time: 00:02:06

Health: 0/42       AC:  6    Str: 18    XL:     5   Next: 4%
Magic:  5/5        EV:  9    Int: 11    God:
Gold:   107        SH:  4    Dex: 12    Spells: 4/4 levels left

rFire   . . .        a - +0 war axe
rCold   + . .        c - +0 buckler
rNeg    . . .        b - +0 scale mail
rPois   .            (no helmet)
rElec   .            (no cloak)
rCorr   .            (no gloves)
SInv    .            (no boots)
Will    .....        (no amulet) Stlth
                     n - ring of protection from cold
HPRegen 0.27/turn    (no ring)
MPRegen 0.09/turn

%: no passive effects
@: no status effects
A: foul stench 1, big brain 1
a: no special abilities


You were on level 4 of the Dungeon.
You visited 1 branch of the dungeon, and saw 4 of its levels.

You collected 107 gold pieces.

Inventory:

Hand Weapons
 a - a +0 war axe (weapon)
Armour
 b - a +0 scale mail (worn)
 c - a +0 buckler (worn)
 o - a +0 tower shield
Jewellery
 g - a ring of fire
 n - a ring of protection from cold (left hand)
 r - a ring of wizardry
Scrolls
 e - 2 scrolls of enchant armour {unknown}
 j - a scroll of identify {unknown}
 m - a scroll of vulnerability {unknown}
Potions
 d - a potion of might
 f - 2 potions of curing
 h - a potion of enlightenment {unknown}
 i - 2 potions of haste {unknown}
 k - a potion of attraction {unknown}
 l - a potion of lignification {unknown}
 p - a potion of mutation {unknown}
 q - a potion of invisibility {unknown}


   Skills:
 + Level 3.7 Fighting
 * Level 3.3 Axes
 + Level 3.3 Armour
 + Level 1.6 Dodging
 - Level 2.6 Shields


You had 4 spell levels left.
You didn't know any spells.
Your spell library contained the following spells:

 Spells                   Type           Power      Damage    Failure   Level
 Freeze                   Ice            0%         1d3       80%         1
 Frozen Ramparts          Ice            0%         1d1       99%         3
 Hailstorm                Conj/Ice       0%         3d5       99%         3


Dungeon Overview and Level Annotations

Branches:
Dungeon (4/15)
 Temple: D:4-7

Altars:
Dithmenos


Innate Abilities, Weirdness & Mutations

You may rarely emit foul miasma when damaged in melee.
You have an unusually large brain. (Int +2)


Message History

The orc priest hits you but does no damage.
You hit the orc priest.
The orc priest is almost dead.
You barely miss something. The orc priest barely misses you.
Something hits you but does no damage.
Unknown command.
You slash the orc priest!
You kill the orc priest!
You closely miss something. Something hits you.
You have reached level 5!
Your demonic ancestry asserts itself...
You begin to emit a foul stench of rot and decay.
You barely miss something.
You hear some strange, mumbled words.
You are confused.
You hear some strange, mumbled words.
Something tries to affect you, but you resist.
You bump into the stone wall.
Something hits you but does no damage.
You bump into the stone wall.
Something hits you but does no damage. Something hits you.
You see here a +0 short sword.
Something hits you but does no damage. Something hits you.
* * * LOW HITPOINT WARNING * * *
You're too confused to move!
You feel less confused. Something hits you.
* * * LOW HITPOINT WARNING * * *
You miss something. Something hits you.
* * * LOW HITPOINT WARNING * * *
You closely miss something.
You hear some strange, mumbled words.
A magic dart appears from out of thin air!
The magic dart hits you.
* * * LOW HITPOINT WARNING * * *
Something hits you.
* * * LOW HITPOINT WARNING * * *
You miss something. Something hits you but does no damage.
You hit something but do no damage. Something hits you.
You die...

##########
#####.........
#...........#
#)####.####.#
#.##.....##
#.#....{).#
##.#...@...#
#......_........
#>.#.......#..##
#..#.......#..#
#..##.....## .#
#..####.### #
#.........
#.######## #<#


There were no monsters in sight!

Vanquished Creatures
  An orc priest (D:4)
  5 adders (D:3)
  A white imp (D:3)
  2 dart slugs
  3 orcs
  2 ball pythons
  5 bats
  6 endoplasms
  2 giant cockroaches (D:1)
  2 goblins
  6 hobgoblins
  2 jackals (D:3)
  6 kobolds
  2 quokkas
  4 frilled lizards
  3 rats
52 creatures vanquished.

Notes
Turn   | Place    | Note
-------+----------+-------------------------------------------
     0 | D:1      | mopl the Demonspawn Fighter began the quest for the Orb.
     0 | D:1      | Reached XP level 1. HP: 18/18 MP: 1/1
   222 | D:1      | Gained mutation: You have an unusually large brain. (Int
                  | +2) [demonic ancestry]
   222 | D:1      | Reached XP level 2. HP: 24/24 MP: 2/2
   708 | D:2      | Reached XP level 3. HP: 29/29 MP: 3/3
  1317 | D:3      | Reached skill level 1 in Dodging
  1459 | D:3      | Reached XP level 4. HP: 35/35 MP: 4/4
  2296 | D:4      | Found a shadowy altar of Dithmenos.
  2325 | D:4      | Gained mutation: You may rarely emit foul miasma when
                  | damaged in melee. [demonic ancestry]
  2325 | D:4      | Reached XP level 5. HP: 14/42 MP: 5/5
  2333 | D:4      | HP: 2/42 [something/magic dart (6)]
  2335 | D:4      | Slain by an orc wizard

Illustrated notes

Levels and vault maps discovered:
D:1:      dpeg_arrival_concentric_ovals, layout_loops_ring,
          minmay_misc_feat_room
D:2:      layout_basic
D:3:      layout_basic
D:4:      layout_loops_ring, old_standard_altar, serial_shops, shop,
          nicolae_shop_tiny_real_fake_doors, shop, nicolae_zig_zag_zippers,
          uniq_robin, uniq_menkaure, uniq_natasha, uniq_pikel

Skill      XL: |  1  2  3  4 |
---------------+-------------+-----
Axes           | 2 3 |  3.3
Armour         | 3 |  3.3
Dodging        | 1 |  1.6
Fighting       | |  3.7
Shields        | |  2.6

Action                     |  1- 3 |  4- 6 || total
---------------------------+-------+-------++-------
  Melee: War axe           |    98 |    75 ||   173
    Use: Potion            |       |     3 ||     3
 Armour: Scale mail        |    70 |    70 ||   140
  Dodge: Dodged            |    44 |    43 ||    87
  Block: Buckler           |    33 |    15 ||    48
